 Dungeon Crawl Stone Soup version 0.29-a0-819-g94b489e0ae (webtiles) character file.

Game seed: 7531811345232168203

47472 diecastcamel the Protected (level 14, -17/107 (109) HPs)
             Began as a Gnoll Wanderer on July 5, 2022.
             Was a High Priest of Okawaru.
             Demolished by an orc warlord
             ... wielding a +0 battleaxe of electrocution
              (18 damage)
             ... on level 11 of the Dungeon on July 6, 2022.
             The game lasted 02:31:25 (23515 turns).

diecastcamel the Protected (Gnoll Wanderer)        Turns: 23515, Time: 02:31:26

HP:   -17/107 (109) AC: 30    Str: 28    XL:     14   Next: 42%
MP:   22/36         EV: 13    Int: 14    God:    Okawaru [*****.]
Gold: 1980          SH: 18    Dex: 12    Spells: 24/32 levels left

rFire   + . .      SeeInvis .   f - +8 lance "Wyrmbane" {slay drac, rPois rF+ rC+ AC+3}
rCold   + . .      Faith    .   x - +5 kite shield "Suur" {Str+4 Int+4}
rNeg    . . .      Spirit   .   G - +0 plate armour
rPois   +          Reflect  .   F - +2 helmet "Wipnarchi" {MP+9}
rElec   .          Harm     .   C - +0 cloak
rCorr   .          Rampage  .   b - +2 pair of gloves {infuse}
Will    ++...                   q - +2 pair of boots
Stlth   +.........              r - amulet of regeneration
HPRegen 1.07/turn               a - +6 ring of strength
MPRegen 0.25/turn               o - ring of willpower

@: heroic, corroded, lightly drained
A: fangs 1, strong nose, distributed training
a: Renounce Religion, Heroism, Finesse, Duel


You were on level 11 of the Dungeon.
You worshipped Okawaru.
Okawaru was extremely pleased with you.
You visited 4 branches of the dungeon, and saw 19 of its levels.
You also visited: Ice Cave.

You collected 2298 gold pieces.
You spent 318 gold pieces at shops.

Inventory:

Hand Weapons
 f - the +8 lance "Wyrmbane" (weapon) {slay drac, rPois rF+ rC+ AC+3}
   (You found it on level 6 of the Lair of Beasts)

   It inflicts extra damage against dragons and draconians.
   AC:        It affects your AC (+3).
   rF:        It protects you from fire.
   rC:        It protects you from cold.
   rPois:     It protects you from poison.
 J - a +1 scimitar of flaming
Missiles
 c - 30 poisoned darts
 l - 58 stones
 v - 8 atropa-tipped darts
 D - 13 curare-tipped darts
 M - 8 boomerangs
 P - 2 silver boomerangs
 R - 4 javelins
 W - 7 boomerangs of dispersal
Armour
 b - a +2 pair of gloves of infusion (worn)
 q - a +2 pair of boots (worn)
 x - the +5 kite shield "Suur" (worn) {Str+4 Int+4}
   (Okawaru gifted it to you on level 5 of the Lair of Beasts)

   Str:       It affects your strength (+4).
   Int:       It affects your intelligence (+4).
 C - a +0 cloak (worn)
 F - the +2 helmet "Wipnarchi" (worn) {MP+9}
   (You found it on level 11 of the Dungeon)

   MP:        It affects your magic capacity (+9).
 G - a +0 plate armour (worn)
 U - a +2 troll leather armour {Snorg}
Jewellery
 a - a +6 ring of strength (left hand)
 o - a ring of willpower (right hand)
 r - an amulet of regeneration (around neck)
Wands
 k - a wand of mindburst (4)
 m - a wand of flame (12)
 s - a wand of light (3)
 y - a wand of iceblast (21)
 B - a wand of paralysis (10)
 I - a wand of polymorph (13)
Scrolls
 g - 3 scrolls of immolation
 n - 4 scrolls of brand weapon
 t - a scroll of magic mapping
 z - a scroll of fear
 K - a scroll of identify
 N - 2 scrolls of enchant weapon
 O - 2 scrolls of fog
 V - 6 scrolls of teleportation
Potions
 d - 3 potions of attraction
 e - 2 potions of lignification
 h - 4 potions of curing
 i - 3 potions of mutation
 j - 4 potions of flight
 p - 9 potions of ambrosia
 u - a potion of cancellation
 w - 4 potions of heal wounds
 A - a potion of resistance
 E - a potion of berserk rage
 H - a potion of brilliance
 Q - a potion of might {unknown}
Miscellaneous
 T - a piece from Xom's chessboard (15/15)


   Skills:
 + Level 9.9(14.9) Fighting
 + Level 9.5(14.5) Short Blades
 + Level 9.5(14.5) Long Blades
 + Level 9.9(14.9) Axes
 + Level 9.5(14.5) Maces & Flails
 + Level 9.5(14.5) Polearms
 + Level 9.5(14.5) Staves
 + Level 9.5(14.5) Ranged Weapons
 + Level 11.5(16.5) Throwing
 + Level 13.9(18.9) Armour
 + Level 9.5(14.5) Dodging
 + Level 9.5(14.5) Stealth
 + Level 9.5(14.5) Shields
 + Level 9.5(14.5) Unarmed Combat
 + Level 9.5 Spellcasting
 + Level 8.0 Conjurations
 + Level 8.0 Hexes
 + Level 8.0 Summonings
 + Level 8.0 Necromancy
 + Level 8.0 Translocations
 + Level 8.0 Transmutations
 + Level 8.0 Fire Magic
 + Level 8.0 Ice Magic
 + Level 8.0 Air Magic
 + Level 8.0 Earth Magic
 + Level 8.0 Poison Magic
 + Level 10.4 Invocations
 + Level 9.5 Evocations


You had 24 spell levels left.
You knew the following spells:

 Your Spells              Type           Power      Damage    Failure   Level
a - Wereblood             Tmut           29%        N/A       5%          2
b - Necrotise             Necr           100%       1d9       3%          1
c - Foxfire               Conj/Fire      100%       2x1d9     3%          1
d - Iskenderun's Mystic   Conj/Tloc      29%        2d7       34%         4

Your spell library contained the following spells:

 Spells                   Type           Power      Damage    Failure   Level
 Scorch                   Fire           58%        2d7       5%          2
 Sublimation of Blood     Necr           29%        N/A       5%          2
 Conjure Flame            Conj/Fire      29%        6-21      11%         3
 Dazzling Flash           Conj/Hex       58%        N/A       11%         3
 Gell's Gravitas          Tloc           29%        N/A       11%         3
 Inner Flame              Hex/Fire       29%        N/A       11%         3
 Teleport Other           Tloc           29%        N/A       11%         3
 Vampiric Draining        Necr           29%        2d8       11%         3
 Flame Wave               Conj/Fire      29%        2d8       34%         4
 Petrify                  Tmut/Erth      29%        N/A       34%         4
 Agony                    Necr           29%        N/A       69%         5
 Irradiate                Conj/Tmut      14%        3d18      69%         5
 Dispersal                Tloc           14%        N/A       99%         6
 Starburst                Conj/Fire      14%        6d6       99%         6
 Summon Cactus Giant      Summ           Unusable   N/A       N/A         6
 Summon Hydra             Summ           Unusable   N/A       N/A         7

Dungeon Overview and Level Annotations

Branches:
Dungeon (11/15)            Temple (1/1) D:4            Lair (6/6) D:10
 Shoals (0/4) Lair:3       Spider (0/4) Lair:3        Slime (0/5) Lair:5
    Orc (1/2) D:11          IceCv (visited)

Altars:
Ashenzari
Cheibriados
Dithmenos
Elyvilon
Fedhas
Gozag
Hepliaklqana
Kikubaaqudgha
Makhleb
Nemelex Xobeh
Okawaru
Qazlal
Ru
Sif Muna
Trog
Uskayaw
Vehumet
Wu Jian
Xom
Yredelemnul
Zin
The Shining One
Jiyva

Shops:
D:10 *

Portals:
Trove: D:11 (give +3 shadow dragon scales)

Annotations:
D:9 3 runed translucent doors, samgaumpmail's ghost, journeyman OpVM
Lair:3 1 runed translucent door, zeratav's ghost, journeyman TrFi
Lair:5 1 runed translucent door, exclusion: oklob plant


Innate Abilities, Weirdness & Mutations

You have very sharp teeth.
Your uncanny sense of smell can sniff out nearby items.
Your experience applies equally to all skills.


Message History

You block the orc warlord's attack. The orc hits you with a +0 falchion!
You block the orc warrior's attack.
You barely miss the orc warlord.
The orc warlord is lightly wounded.
You puncture the orc warlord!
You bite the orc warlord, but do no damage.
The orc warlord is moderately wounded.
You block the orc's attack.
You hit the orc warlord.
You bite the orc warlord, but do no damage.
The orc warlord is moderately wounded.
You closely miss the orc warlord. You bite the orc warlord.
The orc warlord is heavily wounded.
You block the orc warrior's attack.
You impale the orc warlord!!
The orc warlord is severely wounded.
You hit the orc warlord but do no damage.
Your bite misses the orc warlord.
The orc warlord is severely wounded.
Your primal bloodlust has ended.
The orc warlord hits you with a +0 battleaxe of electrocution!!!
You block the orc warrior's attack.
You are too injured to fight recklessly!
You are too injured to fight recklessly!
You are too injured to fight recklessly!
You are too injured to fight recklessly!
You hit the orc warlord.
The orc warlord is severely wounded.
You block the orc warlord's attack.
The orc warrior hits you with a +0 long sword!
The orc warrior hits you but does no damage.
You hit the orc warlord.
You bite the orc warlord, but do no damage.
The orc warlord is severely wounded.
You hit the orc warlord.
The orc warlord is severely wounded.
The orc warlord hits you with a +0 battleaxe of electrocution!!!
* * * LOW HITPOINT WARNING * * *
You are electrocuted!!
You die...

..............#..................
....##..##....########...........
##...####......#.....#...........
.##........##..#.....#...........
..#'##########.##....#.......####
.##........##...#....#.#####.#...
##...####......o#....'.#...#.#...
#.8.##..##.8..oo##...#.#...#.#...
#...))...'....oo@#...#.#...#.#...
#.8.##..##.8...o##..##.#...#.#...
##...####.......#...#..#''##.#...
.##........##...#####........#...
..#'##########.##............#...
.##........##..#....##'#+#...#...
##...####....[.#....#....#...'...
....##..##)...##....#....#...##..
..8.'...)'.8..#.....#....#....#..


You could see an orc warlord (strong), 3 orc warriors and 2 orcs.

Vanquished Creatures
  Snorg (Lair:4)
  A boulder beetle (Lair:5)
  2 hydras
  A two-headed ogre (D:10)
  Erica (D:8)
  5 death yaks
  Nergalle (Lair:2)
  An orc sorcerer (D:11)
  A cyclops (D:10)
  Maurice (D:9)
  9 elephants
  A black mamba (Lair:6)
  2 gargoyles
  28 cane toads
  5 komodo dragons
  2 ice devils (Lair:2)
  A troll (D:9)
  A queen bee (Lair:2)
  Grinder (D:5)
  3 polar bears
  Prince Ribbit (D:5)
  3 slime creatures
  3 tyrant leeches (Lair:6)
  A snapping turtle (Lair:3)
  32 blink frogs
  Sigmund (D:4)
  A shadow (D:11)
  3 wyverns
  31 yaks
  A steam dragon (D:8)
  7 vampire mosquitoes
  7 basilisks
  3 wargs (D:11)
  2 acid dragons
  11 water moccasins
  3 ice beasts
  2 ugly thing simulacra (IceCv)
  A black bear (Lair:4)
  6 orc warriors
  16 wolves
  4 ogres
  A phantom (D:4)
  A centaur (D:6)
  2 kobold brigands
  A gnoll sergeant (D:7)
  A necrophage (D:5)
  18 bullfrogs
  A scorpion (D:4)
  A glowing shapeshifter simulacrum (IceCv)
  8 wights
  22 killer bees
  2 howler monkeys
  A vampire bat (Lair:4)
  7 electric eels
  3 jellies
  6 hounds
  10 orc priests
  2 iguanas (D:5)
  Ijyb (D:4)
  15 orc wizards
  Natasha (thrice) (D:3)
  18 hell rats
  3 gnolls (D:7)
  12 river rats (Lair:2)
  6 adders
  A shadow imp (D:7)
  2 white imps (D:6)
  3 worms
  2 dart slugs
  47 orcs
  10 endoplasms
  9 giant cockroaches
  7 goblins
  3 hobgoblins
  11 jackals
  9 quokkas
  10 ball pythons
  10 bats
  4 frilled lizards
  12 kobolds
  17 rats
509 creatures vanquished.

Vanquished Creatures (collateral kills)
  A gnoll (D:4)
  2 hobgoblins (D:4)
  2 foxfires
5 creatures vanquished.

Vanquished Creatures (others)
  A bush (Lair:3)
  175 foxfires
  33 fungi
  107 plants
316 creatures vanquished.

Grand Total: 830 creatures vanquished

Notes
Turn   | Place    | Note
-------+----------+-------------------------------------------
     0 | D:1      | Reached skill level 10 in Armour
     0 | D:1      | diecastcamel the Gnoll Wanderer began the quest for the
                  | Orb.
     0 | D:1      | diecastcamel set off with the following items: a +0 hand
                  | axe, a +2 scale mail, 12 poisoned darts, a +0 dagger, a
                  | potion of lignification.
     0 | D:1      | Reached XP level 1. HP: 17/17 MP: 1/1
   414 | D:1      | Reached XP level 2. HP: 22/23 MP: 2/2
  1423 | D:2      | Reached XP level 3. HP: 28/28 MP: 3/3
  1784 | D:2      | Reached skill level 1 in Invocations
  1812 | D:2      | Found a sacrificial altar of Ru.
  2014 | D:2      | Reached skill level 1 in Short Blades
  2014 | D:2      | Reached skill level 1 in Long Blades
  2014 | D:2      | Reached skill level 1 in Maces & Flails
  2014 | D:2      | Reached skill level 1 in Polearms
  2014 | D:2      | Reached skill level 1 in Staves
  2014 | D:2      | Reached skill level 1 in Ranged Weapons
  2014 | D:2      | Reached skill level 1 in Dodging
  2014 | D:2      | Reached skill level 1 in Stealth
  2014 | D:2      | Reached skill level 1 in Shields
  2014 | D:2      | Reached skill level 1 in Unarmed Combat
  2014 | D:2      | Reached skill level 1 in Spellcasting
  2014 | D:2      | Reached skill level 1 in Evocations
  2388 | D:3      | Reached XP level 4. HP: 33/34 MP: 5/5
  2413 | D:3      | Found a faded altar of an unknown god.
  2593 | D:3      | Noticed Natasha
  2600 | D:3      | Killed Natasha
  2601 | D:3      | Reached skill level 1 in Conjurations
  2601 | D:3      | Reached skill level 1 in Hexes
  2601 | D:3      | Reached skill level 1 in Summonings
  2601 | D:3      | Reached skill level 1 in Necromancy
  2601 | D:3      | Reached skill level 1 in Translocations
  2601 | D:3      | Reached skill level 1 in Transmutations
  2601 | D:3      | Reached skill level 1 in Fire Magic
  2601 | D:3      | Reached skill level 1 in Ice Magic
  2601 | D:3      | Reached skill level 1 in Air Magic
  2601 | D:3      | Reached skill level 1 in Earth Magic
  2601 | D:3      | Reached skill level 1 in Poison Magic
  2665 | D:3      | Noticed Natasha
  2671 | D:3      | Killed Natasha
  2672 | D:3      | Reached XP level 5. HP: 40/40 MP: 5/7
  2678 | D:3      | Noticed Natasha
  2691 | D:3      | Killed Natasha
  3208 | D:4      | Reached XP level 6. HP: 14/47 MP: 8/8
  3317 | D:4      | Noticed Ijyb
  3349 | D:4      | Killed Ijyb
  3771 | D:5      | Entered Level 5 of the Dungeon
  3865 | D:5      | Noticed Prince Ribbit
  3881 | D:5      | Killed Prince Ribbit
  3882 | D:5      | Reached XP level 7. HP: 20/53 MP: 10/10
  4150 | D:5      | Noticed Grinder
  4167 | D:5      | Paralysed by Grinder for 3 turns
  4171 | D:5      | Killed Grinder
  4172 | D:5      | Reached XP level 8. HP: 57/60 MP: 12/12
  5038 | D:6      | Reached skill level 11 in Armour
  5275 | D:6      | Found a stormy altar of Qazlal.
  5396 | D:6      | Found a sparkling altar of Nemelex Xobeh.
  5519 | D:6      | Identified the +1 ring mail of Dyspraxia {Str+7 Dex+2}
  5854 | D:6      | Found a basalt altar of Yredelemnul.
  6133 | D:6      | Reached XP level 9. HP: 66/66 MP: 14/14
  6386 | D:7      | Reached skill level 5 in Fighting
  6386 | D:7      | Reached skill level 5 in Axes
  6976 | D:7      | Reached skill level 5 in Invocations
  7130 | D:7      | Learned a level 2 spell: Wereblood
  7724 | D:8      | Noticed Erica
  7981 | D:8      | Reached skill level 5 in Short Blades
  7981 | D:8      | Reached skill level 5 in Long Blades
  7981 | D:8      | Reached skill level 5 in Maces & Flails
  7981 | D:8      | Reached skill level 5 in Polearms
  7981 | D:8      | Reached skill level 5 in Staves
  7981 | D:8      | Reached skill level 5 in Ranged Weapons
  7981 | D:8      | Reached skill level 5 in Dodging
  7981 | D:8      | Reached skill level 5 in Stealth
  7981 | D:8      | Reached skill level 5 in Shields
  7981 | D:8      | Reached skill level 5 in Unarmed Combat
  7981 | D:8      | Reached skill level 5 in Spellcasting
  7981 | D:8      | Reached skill level 5 in Evocations
  7981 | D:8      | Reached XP level 10. HP: 70/76 MP: 17/17
  8276 | D:8      | Found a burning altar of Makhleb.
  8631 | D:8      | Killed Erica
  8716 | D:9      | Noticed a gargoyle
  8732 | D:9      | Killed a gargoyle
  9219 | D:4      | Found a staircase to the Ecumenical Temple.
  9224 | Temple   | Entered the Ecumenical Temple
  9525 | Temple   | Became a worshipper of Warmaster Okawaru
  9758 | D:4      | Noticed Sigmund
  9767 | D:4      | Killed Sigmund
 10222 | D:9      | Noticed an 11-headed hydra
 10222 | D:9      | Noticed samgaumpmail's ghost (journeyman OpVM)
 10222 | D:9      | Noticed Maurice
 10222 | D:9      | Found a runed translucent gate.
 10485 | D:8      | Reached * piety under Okawaru
 10683 | D:9      | Found a runed translucent gate.
 10770 | D:9      | Killed Maurice
 10841 | D:9      | Reached skill level 12 in Armour
 10858 | D:9      | Found a runed translucent gate.
 11113 | D:9      | Reached skill level 5 in Conjurations
 11113 | D:9      | Reached skill level 5 in Hexes
 11113 | D:9      | Reached skill level 5 in Summonings
 11113 | D:9      | Reached skill level 5 in Necromancy
 11113 | D:9      | Reached skill level 5 in Translocations
 11113 | D:9      | Reached skill level 5 in Transmutations
 11113 | D:9      | Reached skill level 5 in Fire Magic
 11113 | D:9      | Reached skill level 5 in Ice Magic
 11113 | D:9      | Reached skill level 5 in Air Magic
 11113 | D:9      | Reached skill level 5 in Earth Magic
 11113 | D:9      | Reached skill level 5 in Poison Magic
 11113 | D:9      | Reached XP level 11. HP: 75/83 MP: 20/20
 11115 | D:9      | Reached ** piety under Okawaru
 11126 | D:10     | Entered Level 10 of the Dungeon
 11134 | D:10     | Found a staircase to the Lair.
 11148 | D:10     | Found Veuzory's General Store.
 11154 | D:10     | Bought a potion of heal wounds for 60 gold pieces
 11154 | D:10     | Bought a +2 pair of gloves of infusion for 258 gold pieces
 11328 | D:10     | Noticed a cyclops
 11370 | D:10     | Killed a cyclops
 11474 | D:10     | Found a hazy altar of Hepliaklqana.
 11492 | D:10     | Found a faded altar of an unknown god.
 11540 | D:10     | Found an ornate altar of the Wu Jian Council.
 11654 | D:10     | Noticed a two-headed ogre
 11659 | D:10     | Killed a two-headed ogre
 11659 | D:10     | Reached *** piety under Okawaru
 12444 | Lair:1   | Entered Level 1 of the Lair of Beasts
 12921 | Lair:1   | Received a gift from Okawaru
 13297 | Lair:1   | Reached **** piety under Okawaru
 13708 | Lair:2   | Noticed Nergalle
 13722 | Lair:2   | Killed Nergalle
 13722 | Lair:2   | Received a gift from Okawaru
 13733 | Lair:2   | Upgraded the game from 0.29-a0-817-g9904bce7a6 to
                  | 0.29-a0-819-g94b489e0ae
 13822 | Lair:2   | Found a frozen archway.
 13834 | IceCv    | Entered an ice cave
 13859 | IceCv    | Learned a level 1 spell: Necrotise
 13886 | IceCv    | Reached XP level 12. HP: 91/91 MP: 13/22
 14087 | Lair:2   | Received a gift from Okawaru
 14103 | Lair:2   | Reached ***** piety under Okawaru
 14455 | Lair:2   | Noticed a death yak
 14489 | Lair:1   | Reached skill level 10 in Throwing
 14657 | Lair:2   | Received a gift from Okawaru
 14881 | Lair:2   | Noticed a death yak
 14900 | Lair:2   | Killed a death yak
 14910 | Lair:2   | Killed a death yak
 15161 | Lair:2   | Received a gift from Okawaru
 15750 | Lair:3   | Found a staircase to the Shoals.
 15892 | Lair:3   | Noticed a seven-headed hydra
 15935 | Lair:3   | Killed a seven-headed hydra
 15935 | Lair:3   | Received a gift from Okawaru
 16399 | Lair:3   | Found a runed translucent door.
 16543 | Lair:3   | Noticed zeratav's ghost (journeyman TrFi)
 16647 | Lair:3   | Found a hole to the Spider Nest.
 16714 | Lair:3   | Reached skill level 13 in Armour
 16814 | Lair:3   | Received a gift from Okawaru
 16834 | Lair:3   | Reached XP level 13. HP: 68/99 MP: 1/25
 17599 | Lair:4   | Noticed Snorg
 17815 | Lair:4   | Identified the +4 whip of the Skies Above {venom, rF+}
 18192 | Lair:4   | Killed Snorg
 18852 | Lair:5   | Identified the +5 kite shield "Suur" {Str+4 Int+4} (Okawaru
                  | gifted it to you on level 5 of the Lair of Beasts)
 18852 | Lair:5   | Received a gift from Okawaru
 18951 | Lair:5   | Learned a level 1 spell: Foxfire
 19238 | Lair:4   | Learned a level 4 spell: Iskenderun's Mystic Blast
 19594 | Lair:5   | Found a glowing silver altar of Zin.
 19633 | Lair:5   | Found a runed translucent door.
 19748 | Lair:5   | Found a viscous altar of Jiyva.
 19748 | Lair:5   | Noticed an acid blob
 19749 | Lair:5   | Noticed an acid blob
 19750 | Lair:5   | Found a staircase to the Slime Pits.
 19820 | Lair:6   | Entered Level 6 of the Lair of Beasts
 20686 | Lair:6   | Received a gift from Okawaru
 20687 | Lair:6   | Reached XP level 14. HP: 108/108 MP: 12/27
 20690 | Lair:6   | Reached skill level 10 in Invocations
 20967 | Lair:6   | Received a gift from Okawaru
 21678 | Lair:6   | Reached ****** piety under Okawaru
 21678 | Lair:6   | Received a gift from Okawaru
 21854 | Lair:6   | Found the +8 lance "Wyrmbane" {slay drac, rPois rF+ rC+
                  | AC+3}
 22689 | D:11     | Found a portal to a secret trove of treasure.
 23050 | D:11     | Identified the +2 helmet "Wipnarchi" {MP+9}
 23167 | D:11     | Found a staircase to the Orcish Mines.
 23468 | Orc:1    | Entered Level 1 of the Orcish Mines
 23468 | Orc:1    | Noticed an orc warlord
 23515 | D:11     | HP: 1/107 [orc warlord/+0 battleaxe of electrocution (42)]
 23515 | D:11     | Demolished by an orc warlord

Illustrated notes

Levels and vault maps discovered:
D:1:      dpeg_arrival_lava_temple_mockup, layout_basic, serial_park_tiny_2
D:2:      layout_basic, basic_altar
D:3:      layout_loops_ring, shapermc_ecumenical_altar_acropolis,
          minmay_fractal_squares_gapless_5, uniq_natasha
D:4:      minmay_polygon_palace, layout_basic, minmay_temple_entry_trees,
          sigmund_army, uniq_ijyb, uniq_pikel, uniq_sigmund
D:5:      layout_basic, nicolae_hexahallways, hex_intersection, uniq_grinder,
          uniq_prince_ribbit1
D:6:      layout_basic, general_overflow_altar, amcnicky_altar_gilded,
          lemuel_coloured_pillars_altar
D:7:      layout_loops_corners, serial_bayou_lagoon_b
D:8:      layout_rooms, bloody_makhleb, nrook_campfire,
          chequers_serial_rivers_micro_b, hangedman_abyss_or_decor_lesser_grid,
          dreamdust_mushroom_princess, uniq_erica
D:9:      layout_roguey, gammafunk_ghost_hydra_chop, minmay_misc_feat_pillars,
          uniq_maurice
D:10:     layout_loops_ring, mainiacjoe_overflow_boulevard,
          beargit_hepliaklqana_dungeon_heroes, lair_entry_dummy, serial_shops,
          shop, patterned_corridor
D:11:     layout_irregular_city, david_orc_1_choice,
          nicolae_trove_entry_crossroad
Temple:   minmay_temple_bridge_d
Lair:1:   beast_lair_carwin_large_4, layout_loops_ring, serial_bayou_pond_a,
          infiniplex_staircase_pool_2, serial_bayou_shore_b
Lair:2:   lemuel_ratsnest, layout_cellular_growth, special_room
          [special_room_bee], portal_ice_cave_demonic_guard,
          serial_bayou_shore_b, grunt_megastairs_2, uniq_nergalle
Lair:3:   layout_cave_pods, minmay_shoals_entry_hut,
          spider_nest_entry_web_field, ebering_ghost_reflecting_pool,
          kennysheep_catoblepas_arena
Lair:4:   layout_concentric_octagons, roderic_batcave, gammafunk_lair_bear_cave,
          uniq_snorg
Lair:5:   layout_big_grid, slime_entry_2, basic_altar
Lair:6:   minmay_lair_end_frog_pond, layout_hall_layers
Orc:1:    layout_caves, serial_shops, nicolae_shop_stone

Skill      XL: |  1  2  3  4  5  6  7  8  9 10 11 12 13 14 |
---------------+-------------------------------------------+-----
Armour         | 11 12 13 | 13.9
Invocations    | 1 2 3 4 5 6 7 8 9 10 | 10.4
Short Blades   | 1 2 3 5 6 7 8 9 |  9.5
Long Blades    | 1 2 3 5 6 7 8 9 |  9.5
Maces & Flails | 1 2 3 5 6 7 8 9 |  9.5
Polearms       | 1 2 3 5 6 7 8 9 |  9.5
Staves         | 1 2 3 5 6 7 8 9 |  9.5
Ranged Weapons | 1 2 3 5 6 7 8 9 |  9.5
Dodging        | 1 2 3 5 6 7 8 9 |  9.5
Stealth        | 1 2 3 5 6 7 8 9 |  9.5
Shields        | 1 2 3 5 6 7 8 9 |  9.5
Unarmed Combat | 1 2 3 5 6 7 8 9 |  9.5
Spellcasting   | 1 2 3 5 6 7 8 9 |  9.5
Evocations     | 1 2 3 5 6 7 8 9 |  9.5
Conjurations   | 1 2 3 4 5 6 7 8 |  8.0
Hexes          | 1 2 3 4 5 6 7 8 |  8.0
Summonings     | 1 2 3 4 5 6 7 8 |  8.0
Necromancy     | 1 2 3 4 5 6 7 8 |  8.0
Translocations | 1 2 3 4 5 6 7 8 |  8.0
Transmutations | 1 2 3 4 5 6 7 8 |  8.0
Fire Magic     | 1 2 3 4 5 6 7 8 |  8.0
Ice Magic      | 1 2 3 4 5 6 7 8 |  8.0
Air Magic      | 1 2 3 4 5 6 7 8 |  8.0
Earth Magic    | 1 2 3 4 5 6 7 8 |  8.0
Poison Magic   | 1 2 3 4 5 6 7 8 |  8.0
Fighting       | 3 4 5 6 7 8 9 |  9.9
Axes           | 3 4 5 6 7 8 9 |  9.9
Throwing       | 7 8 9 10 11 | 11.5

Action                   |  1- 3 |  4- 6 |  7- 9 | 10-12 | 13-15 || total
-------------------------+-------+-------+-------+-------+-------++-------
Melee: Hand axe          |   131 |   148 |       |       |       ||   279
       Bite              |    13 |    20 |    59 |    88 |    69 ||   249
       Punch             |     2 |     4 |    14 |    11 |       ||    31
       Club              |       |    25 |    18 |       |       ||    43
       Dagger            |       |       |   253 |       |       ||   253
       Short sword       |       |       |   148 |       |       ||   148
       Spear             |       |       |    64 |    16 |       ||    80
       Whip              |       |       |       |   165 |       ||   165
       Dire flail        |       |       |       |   560 |       ||   560
       Scimitar          |       |       |       |    92 |   472 ||   564
       Lance             |       |       |       |       |    91 ||    91
Throw: Dart              |     9 |    11 |    48 |    52 |       ||   120
       Stone             |     9 |     9 |    22 |    47 |    17 ||   104
       Boomerang         |       |       |       |    86 |    79 ||   165
       Javelin           |       |       |       |     4 |     8 ||    12
 Cast: Wereblood         |       |       |     4 |       |     1 ||     5
       Foxfire           |       |       |       |       |   100 ||   100
       Iskenderun's Myst |       |       |       |       |    16 ||    16
Invok: Heroism           |       |       |       |     3 |     5 ||     8
       Finesse           |       |       |       |       |     1 ||     1
Evoke: Wand              |       |     6 |     4 |    10 |     5 ||    25
  Use: Scroll            |     4 |     3 |     5 |    13 |     8 ||    33
       Potion            |       |     1 |       |     8 |     4 ||    13
 Stab: Paralysed         |       |       |     6 |     5 |       ||    11
       Sleeping          |       |       |       |       |     1 ||     1
Armor: Scale mail        |    65 |    75 |   185 |    75 |       ||   400
       Plate armour      |       |       |       |   421 |   134 ||   555
       Troll leather arm |       |       |       |       |    78 ||    78
Dodge: Dodged            |    84 |   117 |   162 |   397 |   227 ||   987
Block: Buckler           |       |       |       |    35 |    76 ||   111
       Kite shield       |       |       |       |       |   299 ||   299

Table legend: (Time is in decaauts)
 A = Elapsed time spent in this place.
 B = Non-inter-level travel time spent in this place.
 C = Inter-level travel time spent in this place.
 D = Time resting spent in this place.
 E = Time spent auto-exploring this place.
 F = Levels seen in this place.
 G = Mean time per level.
                   A        B        C        D        E       F      G
               +--------+--------+--------+--------+--------+-----+--------+
         Total |  23418 |  20904 |   2514 |   3157 |  11536 |  20 | 1170.9 |
       Dungeon |  13006 |  11127 |   1879 |    886 |   6990 |  11 | 1182.4 |
        Temple |    377 |    228 |    149 |      0 |    214 |   1 |  377.0 |
          Lair |   9951 |   9466 |    485 |   2261 |   4331 |   6 | 1658.5 |
  Orcish Mines |      9 |      9 |      0 |      0 |      0 |   1 |    9.0 |
      Ice Cave |     73 |     73 |      0 |     10 |      0 |   1 |   73.0 |
               +--------+--------+--------+--------+--------+-----+--------+

Top non-repeatable levels by time:
  Lair:6: 2131 daAuts
  Lair:2: 1851 daAuts
  Lair:3: 1641 daAuts
     D:7: 1641 daAuts
  Lair:4: 1562 daAuts
     D:1: 1433 daAuts
  Lair:5: 1422 daAuts
    D:10: 1378 daAuts
  Lair:1: 1342 daAuts
     D:5: 1295 daAuts
     D:4: 1244 daAuts
     D:6: 1240 daAuts
     D:8: 1079 daAuts
     D:9: 1026 daAuts
     D:3: 923 daAuts
